PCL
MILE HIGH BRONCOS @ SANTA MONICA BRUINS
07/22/2024
 
TOP OF THE 1ST
Mile High Broncos batting - Pitching for Santa Monica Bruins : LHP Josh Baker
Pitching: LHP Josh Baker
Batting: RHB Juan Gonzáles 0-0: Called Strike
0-1: Ball
1-1: Swinging Strike
1-2: Ball
2-2: Ball
3-2: Base on Balls
Batting: RHB Juan Jose Guevana 0-0: Ball
1-0: Ball
2-0: Foul Ball, location: 2F
2-1: Grounds into double play, 4-6-3 (Groundball, 4)
Batting: RHB José Herrera 0-0: Swinging Strike
0-1: Ground out 4-3 (Groundball, 4M)
Top of the 1st over - 0 run(s), 0 hit(s), 0 error(s), 0 left on base; Mile High 0 - Santa Monica 0
BOTTOM OF THE 1ST
Santa Monica Bruins batting - Pitching for Mile High Broncos : LHP John Wilkins
Pitching: LHP John Wilkins
Batting: RHB Alonso Sánchez 0-0: Ball
1-0: TRIPLE (Line Drive, 8RD)
Batting: RHB Justin Burgess 0-0: Ball
1-0: Fly out, F6 (Line Drive, 6)
Batting: RHB Salvador Salas 0-0: Ball
1-0: Called Strike
1-1: Ball
2-1: 2-RUN HOME RUN (Flyball, 7D), Distance : 346 ft
Batting: RHB Motoshige Yagi 0-0: Ball
1-0: Ball
2-0: Called Strike
2-1: DOUBLE (Flyball, 9D)
Batting: LHB Ken Poche 0-0: Ball
1-0: Ball
2-0: DOUBLE (Line Drive, 89D)
Motoshige Yagi scores
Batting: RHB Grant Jenkins 0-0: SINGLE (Groundball, 4D)
Ken Poche to third
Runner from 3rd tries for Home, SAFE, throw made home
Batting: RHB Josh Richardson 0-0: Called Strike
0-1: Foul Ball, location: 2F
0-2: Ball
1-2: Fly out, F9 (Flyball, 9M)
Batting: RHB Don Keating 0-0: Ball
1-0: Ball
2-0: Ball
3-0: Base on Balls
Grant Jenkins to second
Batting: RHB Carlos Carrillo 0-0: Ball
1-0: Called Strike
1-1: Ball
2-1: Called Strike
2-2: Foul Ball, location: 2F
2-2: Ground out 4-3 (Groundball, 4)
Bottom of the 1st over - 4 run(s), 5 hit(s), 0 error(s), 2 left on base; Mile High 0 - Santa Monica 4
TOP OF THE 2ND
Mile High Broncos batting - Pitching for Santa Monica Bruins : LHP Josh Baker
Batting: SHB Tom Stevens 0-0: Ball
1-0: DOUBLE (Line Drive, 5D)
Batting: RHB José Rodríguez 0-0: Called Strike
0-1: Foul Ball, location: 2F
0-2: Foul Ball, location: 2F
0-2: Strikes out swinging
Batting: RHB Terry Fuller 0-0: Swinging Strike
0-1: Ball
1-1: Ball
2-1: Foul Ball, location: 2F
2-2: Ball
3-2: Strikes out looking
Batting: RHB Michael MacDonald 0-0: Foul Ball, location: 2F
0-1: DOUBLE (Line Drive, 8RS)
Tom Stevens scores
Batting: LHB Bill Houston 0-0: Foul Ball, location: 2F
0-1: Ball
1-1: Foul Ball, location: 2F
1-2: Strikes out swinging
Top of the 2nd over - 1 run(s), 2 hit(s), 0 error(s), 1 left on base; Mile High 1 - Santa Monica 4
BOTTOM OF THE 2ND
Santa Monica Bruins batting - Pitching for Mile High Broncos : LHP John Wilkins
Batting: RHB Alonso Sánchez 0-0: SINGLE (Groundball, 34D)
Batting: RHB Justin Burgess 0-0: Called Strike
0-1: Called Strike
0-2: Ball
1-2: Ground out 5-3 (Groundball, 5S)
Alonso Sánchez to second
Batting: RHB Salvador Salas 0-0: Called Strike
0-1: SINGLE (Line Drive, 4M)
Alonso Sánchez to third
Batting: RHB Motoshige Yagi 0-0: Ball
1-0: Called Strike
1-1: Ball
2-1: Ball
3-1: Base on Balls
Salvador Salas to second
Batting: LHB Ken Poche 0-0: Called Strike
0-1: Swinging Strike
0-2: Strikes out swinging
Batting: RHB Grant Jenkins 0-0: Swinging Strike
0-1: Ball
1-1: Ball
2-1: Ball
3-1: Base on Balls
Alonso Sánchez scores
Salvador Salas to third
Motoshige Yagi to second
Batting: RHB Josh Richardson 0-0: Fly out, F9 (Flyball, 89M)
Bottom of the 2nd over - 1 run(s), 2 hit(s), 0 error(s), 3 left on base; Mile High 1 - Santa Monica 5
TOP OF THE 3RD
Mile High Broncos batting - Pitching for Santa Monica Bruins : LHP Josh Baker
Batting: RHB Francisco Medina 0-0: Foul Ball, location: 2F
0-1: Ball
1-1: Called Strike
1-2: Strikes out looking
Batting: RHB Juan Gonzáles 0-0: Ball
1-0: Ball
2-0: Called Strike
2-1: Foul Ball, location: 2F
2-2: Foul Ball, location: 2F
2-2: Foul Ball, location: 2F
2-2: SINGLE (Groundball, 4MD)
Batting: RHB Juan Jose Guevana 0-0: Foul Ball, location: 2F
0-1: Called Strike
0-2: Ball
1-2: Foul Ball, location: 2F
1-2: Ball
2-2: Foul Ball, location: 2F
2-2: Ball
3-2: Base on Balls
Juan Gonzáles to second
Batting: RHB José Herrera 0-0: Called Strike
0-1: Ball
Wild Pitch!
Juan Gonzáles to third
Juan Jose Guevana to second
1-1: Ground out 6-3 (Groundball, 6)
Juan Gonzáles scores
Juan Jose Guevana to third
Batting: SHB Tom Stevens 0-0: Called Strike
0-1: Ball
1-1: Called Strike
1-2: Ball
2-2: Fly out, F4 (Popup, 4MD)
Top of the 3rd over - 1 run(s), 1 hit(s), 0 error(s), 1 left on base; Mile High 2 - Santa Monica 5
BOTTOM OF THE 3RD
Santa Monica Bruins batting - Pitching for Mile High Broncos : LHP John Wilkins
Batting: RHB Don Keating 0-0: Foul Ball, location: 2F
0-1: Foul Ball, location: 2F
0-2: Ball
1-2: Fly out, F9 (Line Drive, 89M)
Batting: RHB Carlos Carrillo 0-0: Ball
1-0: Called Strike
1-1: Swinging Strike
1-2: Foul Ball, location: 2F
1-2: Foul Ball, location: 2F
1-2: Foul Ball, location: 2F
1-2: Ball
2-2: SINGLE (Groundball, 56D)
Batting: RHB Alonso Sánchez 0-0: Ball
1-0: Called Strike
1-1: Fly out, F2 (Popup, 2LF)
Batting: RHB Justin Burgess 0-0: SINGLE (Groundball, 6MD)
Carlos Carrillo to second
Batting: RHB Salvador Salas 0-0: Called Strike
0-1: Swinging Strike
0-2: Foul Ball, location: 2F
0-2: Foul Ball, location: 2F
0-2: Foul Ball, location: 2F
0-2: Fly out, F4 (Line Drive, 4)
Bottom of the 3rd over - 0 run(s), 2 hit(s), 0 error(s), 2 left on base; Mile High 2 - Santa Monica 5
TOP OF THE 4TH
Mile High Broncos batting - Pitching for Santa Monica Bruins : LHP Josh Baker
Batting: RHB José Rodríguez 0-0: Foul Ball, location: 2F
0-1: Called Strike
0-2: Ball
1-2: SOLO HOME RUN (Flyball, 7D), Distance : 344 ft
Batting: RHB Terry Fuller 0-0: Ground out 6-3 (Groundball, 6)
Batting: RHB Michael MacDonald 0-0: Called Strike
0-1: DOUBLE (Line Drive, 78M)
Pinch Runner at 2nd Doyle Otterburn:
Batting: LHB Bill Houston 0-0: Called Strike
0-1: Called Strike
0-2: Foul Ball, location: 2F
0-2: DOUBLE (Flyball, 89D)
Doyle Otterburn scores
Batting: RHB Francisco Medina 0-0: Called Strike
0-1: Foul Ball, location: 2F
0-2: Strikes out swinging
Batting: RHB Juan Gonzáles 0-0: Ball
1-0: Ball
2-0: Ball
3-0: Base on Balls
Batting: RHB Juan Jose Guevana 0-0: Fly out, F9 (Flyball, 9LM)
Top of the 4th over - 2 run(s), 3 hit(s), 0 error(s), 2 left on base; Mile High 4 - Santa Monica 5
BOTTOM OF THE 4TH
Santa Monica Bruins batting - Pitching for Mile High Broncos : LHP John Wilkins
Batting: RHB Motoshige Yagi 0-0: Called Strike
0-1: Ball
1-1: Foul Ball, location: 2F
1-2: SINGLE (Line Drive, 6MD)
Batting: LHB Ken Poche 0-0: Called Strike
0-1: Ball
1-1: Fly out, F4 (Popup, 4MD)
Batting: RHB Grant Jenkins 0-0: Called Strike
0-1: Foul Ball, location: 2F
0-2: Foul Ball, location: 2F
0-2: Foul Ball, location: 2F
0-2: Foul Ball, location: 2F
0-2: Foul Ball, location: 2F
0-2: SINGLE (Line Drive, 8RS)
Motoshige Yagi to second
Batting: RHB Josh Richardson 0-0: Called Strike
0-1: Foul Ball, location: 2F
0-2: Ball
1-2: Foul Ball, location: 2F
1-2: Strikes out swinging
Batting: RHB Don Keating 0-0: Ball
1-0: Ball
2-0: Ball
3-0: Called Strike
3-1: Called Strike
3-2: Strikes out swinging
Bottom of the 4th over - 0 run(s), 2 hit(s), 0 error(s), 2 left on base; Mile High 4 - Santa Monica 5
TOP OF THE 5TH
Mile High Broncos batting - Pitching for Santa Monica Bruins : LHP Josh Baker
Batting: RHB José Herrera 0-0: Ball
1-0: SINGLE (Line Drive, 6MD)
Batting: SHB Tom Stevens 0-0: Ball
1-0: Grounds into double play, 6-4-3 (Groundball, 6)
Batting: RHB José Rodríguez 0-0: Swinging Strike
0-1: Foul Ball, location: 2F
0-2: Strikes out swinging
Top of the 5th over - 0 run(s), 1 hit(s), 0 error(s), 0 left on base; Mile High 4 - Santa Monica 5
BOTTOM OF THE 5TH
Santa Monica Bruins batting - Pitching for Mile High Broncos : LHP John Wilkins
Pitching: RHP Ramón Soto
Batting: RHB Carlos Carrillo 0-0: Ball
1-0: Ball
2-0: Foul Ball, location: 2F
2-1: Foul Ball, location: 2F
2-2: Ground out 6-3 (Groundball, 6)
Batting: RHB Alonso Sánchez 0-0: Fly out, F8 (Line Drive, 8RD)
Batting: RHB Justin Burgess 0-0: Swinging Strike
0-1: SINGLE (Line Drive, 8LS)
Batting: RHB Salvador Salas 0-0: Ball
1-0: Ball
2-0: SINGLE (Groundball, 6M)
Justin Burgess to second
Batting: RHB Motoshige Yagi 0-0: Ball
1-0: Swinging Strike
1-1: Ball
2-1: Swinging Strike
Balk!
Justin Burgess to third
Salvador Salas to second
2-2: Foul Ball, location: 2F
2-2: Strikes out swinging
Bottom of the 5th over - 0 run(s), 2 hit(s), 0 error(s), 2 left on base; Mile High 4 - Santa Monica 5
TOP OF THE 6TH
Mile High Broncos batting - Pitching for Santa Monica Bruins : LHP Josh Baker
Batting: RHB Terry Fuller 0-0: Foul Ball, location: 2F
0-1: Foul Ball, location: 2F
0-2: Ball
1-2: Strikes out swinging
Batting: LHB Doyle Otterburn 0-0: Called Strike
0-1: Ball
1-1: Ball
2-1: Ball
3-1: Called Strike
3-2: Foul Ball, location: 2F
3-2: Strikes out swinging
Batting: LHB Bill Houston 0-0: Called Strike
0-1: Ball
1-1: Ball
2-1: Called Strike
2-2: Foul Ball, location: 2F
2-2: Foul Ball, location: 2F
2-2: Foul Ball, location: 2F
2-2: Strikes out swinging
Top of the 6th over - 0 run(s), 0 hit(s), 0 error(s), 0 left on base; Mile High 4 - Santa Monica 5
BOTTOM OF THE 6TH
Santa Monica Bruins batting - Pitching for Mile High Broncos : RHP Ramón Soto
Batting: LHB Ken Poche 0-0: Foul Ball, location: 2F
0-1: Fly out, F8 (Flyball, 8RD)
Batting: RHB Grant Jenkins 0-0: Ball
1-0: Ball
2-0: Foul Ball, location: 2F
2-1: Foul Ball, location: 2F
2-2: Fly out, F8 (Flyball, 78D)
Batting: RHB Josh Richardson 0-0: Ball
1-0: Ball
2-0: Ball
3-0: Called Strike
3-1: Base on Balls
Batting: RHB Don Keating 0-0: Ball
Wild Pitch!
Josh Richardson to second
1-0: Called Strike
1-1: Foul Ball, location: 2F
1-2: Ball
2-2: SINGLE (Groundball, 5D)
Josh Richardson to third
Runner from 3rd tries for Home, SAFE, no throw or cutoff
Batting: RHB Carlos Carrillo 0-0: Ball
1-0: Ball
2-0: Called Strike
2-1: 2-RUN HOME RUN (Flyball, 7D), Distance : 368 ft
Batting: RHB Alonso Sánchez 0-0: Swinging Strike
0-1: Foul Ball, location: 2F
0-2: Ball
1-2: SINGLE (Line Drive, 34)
Pitching: RHP Cristo Canó
Batting: RHB Justin Burgess 0-0: Ball
1-0: Called Strike
Alonso Sánchez steals 2nd base
1-1: Ground out 3-1 (Groundball, 34)
Bottom of the 6th over - 3 run(s), 3 hit(s), 0 error(s), 1 left on base; Mile High 4 - Santa Monica 8
TOP OF THE 7TH
Mile High Broncos batting - Pitching for Santa Monica Bruins : LHP Josh Baker
Pitching: RHP Carlos Rangel
Batting: RHB Francisco Medina 0-0: Called Strike
0-1: Ground out 5-3 (Groundball, 56S)
Batting: RHB Juan Gonzáles 0-0: Called Strike
0-1: Called Strike
0-2: Ball
1-2: Ball
2-2: Ball
3-2: Base on Balls
Batting: RHB Juan Jose Guevana 0-0: Ball
1-0: Fly out, F8 (Flyball, 8RM)
Batting: RHB José Herrera 0-0: Called Strike
0-1: Ball
1-1: Foul Ball, location: 2F
1-2: Foul Ball, location: 2F
1-2: Ball
2-2: Strikes out looking
Top of the 7th over - 0 run(s), 0 hit(s), 0 error(s), 1 left on base; Mile High 4 - Santa Monica 8
BOTTOM OF THE 7TH
Santa Monica Bruins batting - Pitching for Mile High Broncos : RHP Cristo Canó
Batting: RHB Salvador Salas 0-0: Fly out, F6 (Line Drive, 6D)
Batting: RHB Motoshige Yagi 0-0: Swinging Strike
0-1: Ball
1-1: Ball
2-1: Ball
3-1: Base on Balls
Batting: LHB Ken Poche 0-0: Ball
1-0: Ball
2-0: Ball
3-0: Called Strike
3-1: DOUBLE (Line Drive, 78XD)
Motoshige Yagi to third
Batting: RHB Grant Jenkins 0-0: Ball
1-0: Called Strike
1-1: Fly out, F4 (Popup, 4D)
Batting: RHB Josh Richardson 0-0: Ball
1-0: Fly out, F3 (Popup, 3F)
Bottom of the 7th over - 0 run(s), 1 hit(s), 0 error(s), 2 left on base; Mile High 4 - Santa Monica 8
TOP OF THE 8TH
Mile High Broncos batting - Pitching for Santa Monica Bruins : RHP Carlos Rangel
Batting: SHB Tom Stevens 0-0: Ball
1-0: Ball
2-0: Called Strike
2-1: Swinging Strike
2-2: Strikes out swinging
Batting: RHB José Rodríguez 0-0: Called Strike
0-1: Foul Ball, location: 2F
0-2: Ball
1-2: Fly out, F5 (Line Drive, 5S)
Batting: RHB Terry Fuller 0-0: Called Strike
0-1: SOLO HOME RUN (Flyball, 7LD), Distance : 346 ft
Batting: LHB Doyle Otterburn 0-0: Ball
1-0: Ball
2-0: Foul Ball, location: 2F
2-1: Foul Ball, location: 2F
2-2: Ball
3-2: Strikes out looking
Top of the 8th over - 1 run(s), 1 hit(s), 0 error(s), 0 left on base; Mile High 5 - Santa Monica 8
BOTTOM OF THE 8TH
Santa Monica Bruins batting - Pitching for Mile High Broncos : RHP Cristo Canó
Batting: RHB Don Keating 0-0: Ball
1-0: Ball
2-0: Foul Ball, location: 2F
2-1: SOLO HOME RUN (Flyball, 78XD), Distance : 402 ft
Batting: RHB Carlos Carrillo 0-0: Ball
1-0: Ball
2-0: Foul Ball, location: 2F
2-1: Swinging Strike
2-2: Ball
3-2: Foul Ball, location: 2F
3-2: SINGLE (Groundball, 6MD)
Batting: RHB Alonso Sánchez 0-0: Ball
1-0: Bunted foul
1-1: Sac Bunt - play at second, runner OUT! 1-6
Batting: RHB Justin Burgess 0-0: Ball
1-0: Grounds into double play, 4-6-3 (Groundball, 4)
Bottom of the 8th over - 1 run(s), 2 hit(s), 0 error(s), 0 left on base; Mile High 5 - Santa Monica 9
TOP OF THE 9TH
Mile High Broncos batting - Pitching for Santa Monica Bruins : RHP Carlos Rangel
Batting: LHB Bill Houston 0-0: Called Strike
0-1: Ball
1-1: Fly out, F8 (Flyball, 8RD)
Batting: RHB Francisco Medina 0-0: Called Strike
0-1: Foul Ball, location: 2F
0-2: Ball
1-2: Foul Ball, location: 2F
1-2: Foul Ball, location: 2F
1-2: Fly out, F9 (Flyball, 89M)
Batting: RHB Juan Gonzáles 0-0: Ball
1-0: Swinging Strike
1-1: Foul Ball, location: 2F
1-2: Ball
2-2: SINGLE (Groundball, 56D)
Pitching: RHP Michael Carr
Batting: RHB Juan Jose Guevana 0-0: Ball
1-0: SINGLE (Line Drive, 9S)
Juan Gonzáles to second
Runner from 2nd tries for 3rd, SAFE, throw made to third
Pitching: RHP Manuel López
Batting: RHB José Herrera 0-0: Called Strike
0-1: Ball
1-1: Ball
2-1: Called Strike
2-2: Ball
3-2: Strikes out swinging
Top of the 9th over - 0 run(s), 2 hit(s), 0 error(s), 2 left on base; Mile High 5 - Santa Monica 9
This league is powered by Out of the Park Baseball, the baseball management simulation game for PC, Mac and Linux
Saturday, April 9th, 2016 - OOTP Baseball 16.8 Build 38